 Dungeon Crawl Stone Soup version 0.28.0-45-g0d030f2227 (webtiles) character file.

Game seed: 11698344712558927733

17178 McKennaii the Destroyer (level 12, -2/74 HPs)
             Began as a Demonspawn Conjurer on Apr 14, 2022.
             Was a Priest of Vehumet.
             Slain by a molten gargoyle
             ... wielding a +0 mace
              (6 damage)
             ... in a Gauntlet.
             The game lasted 00:22:05 (15097 turns).

McKennaii the Destroyer (Demonspawn Conjurer)      Turns: 15097, Time: 00:22:05

Health: -2/74      AC: 12    Str:  8    XL:     12   Next: 16%
Magic:  2/28       EV:  6    Int: 24    God:    Vehumet [***...]
Gold:   560        SH:  0    Dex: 12    Spells: 22/36 levels left

rFire   + . .      SeeInvis .   w - +1 flail (vorpal)
rCold   . . .      Faith    .   (no shield)
rNeg    . . .      Spirit   .   K - +0 troll leather armour
rPois   +          Reflect  .   l - +2 hat {Will+}
rElec   +          Harm     .   N - +2 cloak {rCorr}
rCorr   +          Rampage  .   (no gloves)
Will    ++...      NoTele   +   L - +1 pair of boots
Stlth   ++........              p - amulet of regeneration
HPRegen 1.82/turn               i - ring of protection from fire
MPRegen 0.21/turn               v - ring of willpower

@: held
A: hooves 2, foul stench 2, icemail 1, sturdy frame 2, condensation shield,
bedeviling, mutation resistance 1, poison resistance, electricity resistance
a: Renounce Religion


You were in a Gauntlet.
You worshipped Vehumet.
Vehumet was most pleased with you.
You visited 2 branches of the dungeon, and saw 13 of its levels.
You also visited: Gauntlet.

You collected 560 gold pieces.

Inventory:

Hand Weapons
 w - a +1 vorpal flail (weapon)
Armour
 l - a +2 hat of willpower (worn)
 K - a +0 troll leather armour (worn)
 L - a +1 pair of boots (worn)
 N - a +2 cloak of preservation (worn)
Jewellery
 i - a ring of protection from fire (left hand)
 p - an amulet of regeneration (around neck)
 v - a ring of willpower (right hand)
Wands
 n - a wand of acid (3)
 y - a wand of flame (38)
 F - a wand of iceblast (6)
 G - a wand of charming (10)
 M - a wand of paralysis (8)
Scrolls
 a - 2 scrolls of enchant weapon
 c - a scroll of vulnerability {unknown}
 d - 2 scrolls of blinking
 e - 6 scrolls of teleportation
 f - 2 scrolls of holy word
 g - a scroll of fear {unknown}
 k - 2 scrolls of enchant armour
 q - a scroll of silence {unknown}
 r - a scroll of amnesia
 s - a scroll of identify
 u - a scroll of immolation {unknown}
 D - a scroll of magic mapping {unknown}
 H - a scroll of acquirement {unknown}
Potions
 b - 3 potions of curing
 j - 3 potions of might
 m - a potion of haste
 o - a potion of magic
 t - a potion of lignification {unknown}
 x - 2 potions of brilliance
 z - a potion of degeneration {unknown}
 A - a potion of flight {unknown}
 B - 4 potions of cancellation {unknown}
 C - a potion of berserk rage {unknown}
 E - a potion of invisibility {unknown}
 I - a potion of mutation
 J - a potion of attraction


   Skills:
 - Level 4.0 Armour
 - Level 1.7 Dodging
 - Level 1.7 Stealth
 + Level 12.9 Spellcasting
 + Level 14.3 Conjurations


You had 22 spell levels left.
You knew the following spells:

 Your Spells              Type           Power      Damage    Failure   Level
a - Magic Dart            Conj           100%       1d8       0%          1
b - Searing Ray           Conj           100%       2d8       0%          2
c - Iskenderun's Mystic   Conj/Tloc      49%        2d11      1%          4
e - Orb of Destruction    Conj           35%        9d10      2%          7

Your spell library contained the following spells:

 Spells                   Type           Power      Damage    Failure   Level
 Stone Arrow              Conj/Erth      98%        3d13      1%          3
 Dazzling Flash           Conj/Hex       100%       N/A       1%          3
 Mephitic Cloud           Conj/Pois/Air  38%        N/A       1%          3
 Fulminant Prism          Conj/Hex       33%        3d16      1%          4
 Apportation              Tloc           30%        N/A       4%          1
 Beastly Appendage        Tmut           30%        N/A       4%          1
 Call Imp                 Summ           15%        N/A       6%          2
 Wereblood                Tmut           15%        N/A       6%          2
 Call Canine Familiar     Summ           15%        N/A       12%         3
 Portal Projectile        Hex/Tloc       46%        N/A       12%         3
 Spider Form              Tmut/Pois      15%        N/A       12%         3
 Summon Guardian Golem    Hex/Summ       23%        N/A       12%         3
 Leda's Liquefaction      Hex/Erth       11%        N/A       36%         4
 Spellforged Servitor     Conj/Summ      24%        N/A       41%         7
 Alistair's Intoxication  Tmut/Pois      10%        N/A       73%         5


Dungeon Overview and Level Annotations

Branches:
Dungeon (12/15)            Temple (1/1) D:4            Lair (0/6) D:11
    Orc (0/2) D:12        Gauntlet (1/1)

Altars:
Ashenzari
Cheibriados
Dithmenos
Elyvilon
Fedhas
Gozag
Hepliaklqana
Kikubaaqudgha
Makhleb
Nemelex Xobeh
Okawaru
Qazlal
Ru
Sif Muna
Trog
Uskayaw
Vehumet
Wu Jian
Xom
Yredelemnul
Zin
The Shining One

Shops:
D:6 (   D:12 (

Annotations:
D:11 exclusion: 3 oklob plants Gauntlet 7 transporters


Innate Abilities, Weirdness & Mutations

You have hoof-like feet.
You sometimes emit foul miasma when damaged in melee.
A meltable icy envelope protects you from harm. (AC +0)
Your movements are less encumbered by armour. (ER -4)
A meltable shield of frost defends you. (SH +0)
Your hexes are more powerful.
You are somewhat resistant to further mutation.
Your system is resistant to poisons. (rPois)
You are resistant to electric shocks. (rElec)


Message History

You don't have enough magic to cast this spell.
Unknown command.
Unknown command.
You struggle against the net.
The catoblepas gores you.
The molten gargoyle hits you with a +0 mace!
You are engulfed in flames.
You resist.
You emit a cloud of foul miasma!
There are monsters nearby!
You feel much better. The catoblepas gores you.
The molten gargoyle hits you with a +0 mace.
You are engulfed in flames.
You resist.
Unknown command.
Unknown command.
Okay, then.
Aiming: Corrosive Bolt
Press: ? - help, Shift-Dir - straight line, f - catoblepas
Aim: a catoblepas (severely wounded, 100% to hit)
The bolt of acid hits the catoblepas!
The catoblepas is severely wounded.
The catoblepas gores you but does no damage.
The molten gargoyle hits you with a +0 mace!
* * * LOW HITPOINT WARNING * * *
You are engulfed in flames.
You resist.
* * * LOW HITPOINT WARNING * * *
Unknown command.
Unknown command.
You feel much better. The catoblepas gores you!
The molten gargoyle completely misses you.
Unknown command.
Unknown command.
Aiming: Corrosive Bolt
Press: ? - help, Shift-Dir - straight line, f - molten gargoyle, p - catoblepas
Aim: a molten gargoyle, wielding a +0 mace (foul pestilence, heavily damaged, 83% to hit)
The bolt of acid hits the molten gargoyle but does no damage.
The molten gargoyle is heavily damaged.
The catoblepas gores you!!
* * * LOW HITPOINT WARNING * * *
The molten gargoyle hits you with a +0 mace.
* * * LOW HITPOINT WARNING * * *
You are engulfed in flames.
You resist.
You die...

## ### ######### ### #
##≈###≈###.......###≈###≈
#≈≈≈#≈≈≈#..∩.⌠.∩..#≈≈≈#≈≈
#≈.....................≈
##.#########.#########.#
##≈.#9=.©|?.#.#...©!#.#.≈
#≈≈.#.#...#.#.#.##[:#.#.≈
##≈.#..^###.#.##..##..#.≈
##.#.#Y@9#.####.^©^.##.#
##≈.#.###^..#.#2.##..##.≈
#≈≈.#.#...#.#.#.#..##.#.≈
##≈.#...###.#.#.#.....#.≈
##.#########.#########.#
##≈....#©.........©#....≈
#≈≈..⌠.#.⌠.⌠.⌠.⌠.⌠.#.⌠..≈
##≈....#©.........©#....≈
##.###################.#


You could see a catoblepas, a blizzard demon and a molten gargoyle.

Vanquished Creatures
  Gastronok (D:8)
  A hydra (D:11)
  Erica (D:8)
  A two-headed ogre (D:11)
  An ugly thing (D:12)
  A manticore (D:11)
  An ice statue (D:8)
  A smoke demon (Gauntlet)
  3 gargoyles
  A red devil (Gauntlet)
  4 trolls
  Prince Ribbit (D:6)
  5 flying skulls (Gauntlet)
  2 shadows
  A vampire (D:11)
  2 wraiths
  18 yaks
  A steam dragon (D:9)
  9 vampire mosquitoes
  Edmund (D:4)
  3 acid dragons
  A water moccasin (D:5)
  Duvessa (D:4)
  4 orc warriors
  2 black bears
  An ice beast (D:6)
  3 sky beasts
  2 necrophages (D:7)
  3 ogres
  3 phantoms
  6 centaurs
  A kobold brigand (D:10)
  Blork the orc (D:4)
  A bullfrog (D:7)
  A wyvern zombie (D:5)
  3 scorpions
  A gnoll sergeant (D:9)
  A water moccasin zombie (D:6)
  A wyvern skeleton (D:7)
  Dowan (D:4)
  6 killer bees (D:9)
  6 wights
  7 howler monkeys
  4 electric eels (D:10)
  4 centaur zombies
  3 crimson imps (Gauntlet)
  3 centaur skeletons
  4 jellies
  2 orc priests
  2 bullfrog skeletons
  3 hounds
  3 iguanas
  4 orc wizards
  2 killer bee zombies (D:9)
  A hound zombie (D:5)
  2 hound skeletons
  A howler monkey zombie (D:9)
  6 gnolls
  5 adders
  A shadow imp (D:6)
  An ufetubus (D:6)
  3 worms
  12 orcs
  8 endoplasms
  2 giant cockroaches
  7 goblins
  8 hobgoblins
  8 kobolds
  9 quokkas
  3 ball pythons
  7 bats
  2 frilled lizards
  5 rats
240 creatures vanquished.

Vanquished Creatures (others)
  7 plants (D:11)
7 creatures vanquished.

Grand Total: 247 creatures vanquished

Notes
Turn   | Place    | Note
-------+----------+-------------------------------------------
     0 | D:1      | McKennaii the Demonspawn Conjurer began the quest for the
                  | Orb.
     0 | D:1      | Reached XP level 1. HP: 13/13 MP: 3/3
   648 | D:1      | Gained mutation: You have large cloven feet. [demonic
                  | ancestry]
   648 | D:1      | Reached XP level 2. HP: 19/19 MP: 3/5
   961 | D:1      | Gained mutation: Your movements are slightly less
                  | encumbered by armour. (ER -2) [demonic ancestry]
   961 | D:1      | Reached XP level 3. HP: 24/24 MP: 4/7
  1146 | D:1      | You fall into a shaft and drop 1 floor!
  2027 | D:2      | Found a faded altar of an unknown god.
  2333 | D:2      | Learned a level 2 spell: Searing Ray
  2351 | D:2      | Gained mutation: You may rarely emit foul miasma when
                  | damaged in melee. [demonic ancestry]
  2351 | D:2      | Reached XP level 4. HP: 30/30 MP: 1/8
  2356 | D:2      | Learned a level 4 spell: Iskenderun's Mystic Blast
  2939 | D:3      | Reached skill level 5 in Conjurations
  3128 | D:3      | Found a burning altar of Makhleb.
  3212 | D:3      | Found a sacrificial altar of Ru.
  3579 | D:4      | Noticed Edmund
  3756 | D:4      | Gained mutation: Your movements are less encumbered by
                  | armour. (ER -4) [demonic ancestry]
  3756 | D:4      | Reached XP level 5. HP: 35/35 MP: 8/10
  3779 | D:4      | Found a staircase to the Ecumenical Temple.
  3794 | Temple   | Entered the Ecumenical Temple
  3847 | Temple   | Became a worshipper of Vehumet
  3937 | D:4      | Noticed an ogre
  3942 | D:4      | Killed an ogre
  4020 | D:4      | Noticed a phantom
  4030 | D:4      | Killed a phantom
  4031 | D:4      | Reached skill level 6 in Conjurations
  4031 | D:4      | Gained mutation: A meltable shield of frost defends you.
                  | (SH +0) [demonic ancestry]
  4031 | D:4      | Reached XP level 6. HP: 41/41 MP: 0/12
  4169 | D:4      | Noticed Blork the orc
  4194 | D:4      | Killed Blork the orc
  4195 | D:4      | Reached skill level 5 in Spellcasting
  4304 | D:4      | Gained mutation: You have hoof-like feet. [demonic
                  | ancestry]
  4304 | D:4      | Reached XP level 7. HP: 37/46 MP: 4/14
  4654 | D:4      | Noticed Dowan
  4667 | D:4      | Killed Dowan
  4682 | D:4      | Noticed Duvessa
  4739 | D:4      | Killed Edmund
  4740 | D:4      | Reached skill level 7 in Conjurations
  4846 | D:4      | Killed Duvessa
  5168 | D:5      | Entered Level 5 of the Dungeon
  5250 | D:5      | Gained mutation: You sometimes emit foul miasma when
                  | damaged in melee. [demonic ancestry]
  5250 | D:5      | Reached XP level 8. HP: 27/52 MP: 4/17
  5356 | D:5      | Reached skill level 8 in Conjurations
  6110 | D:6      | Found Muneidd's Antique Weapon Shoppe.
  6191 | D:6      | Reached * piety under Vehumet
  6191 | D:6      | Offered knowledge of Freeze by Vehumet.
  6369 | D:6      | Found a blossoming altar of Fedhas.
  6499 | D:6      | Reached skill level 9 in Conjurations
  7084 | D:6      | Gained mutation: A meltable icy envelope protects you from
                  | harm. (AC +0) [demonic ancestry]
  7084 | D:6      | Reached XP level 9. HP: 57/57 MP: 9/20
  7495 | D:6      | Noticed Prince Ribbit
  7504 | D:6      | Killed Prince Ribbit
  7674 | D:7      | Learned a level 7 spell: Orb of Destruction
  7737 | D:7      | Reached skill level 10 in Conjurations
  8362 | D:8      | Noticed Gastronok
  8760 | D:8      | Noticed an ice statue
  9560 | D:9      | Offered knowledge of Static Discharge by Vehumet.
  9572 | D:9      | Reached ** piety under Vehumet
  9714 | D:9      | Reached skill level 1 in Armour
  9718 | D:9      | Reached XP level 10. HP: 46/63 MP: 3/23
  9721 | D:9      | Reached skill level 11 in Conjurations
 10466 | D:9      | Reached skill level 10 in Spellcasting
 10539 | D:9      | Found a shimmering blue altar of Sif Muna.
 10704 | D:9      | Found a hazy altar of Hepliaklqana.
 10777 | D:9      | Found a shimmering altar of Xom.
 10976 | D:10     | Entered Level 10 of the Dungeon
 10988 | D:10     | Offered knowledge of Scorch by Vehumet.
 11260 | D:10     | Reached *** piety under Vehumet
 11478 | D:10     | Noticed a gargoyle
 11482 | D:10     | Killed a gargoyle
 11483 | D:10     | Reached skill level 12 in Conjurations
 12298 | D:11     | Gained mutation: Your hexes are more powerful. [demonic
                  | ancestry]
 12298 | D:11     | Reached XP level 11. HP: 62/68 MP: 19/25
 12344 | D:8      | Noticed Erica
 12413 | D:8      | Killed Erica
 12470 | D:8      | Killed Gastronok
 12586 | D:8      | Gained mutation: Your system is resistant to poisons.
                  | (rPois) [potion of mutation]
 12586 | D:8      | Gained mutation: You are somewhat resistant to further
                  | mutation. [potion of mutation]
 12586 | D:8      | Gained mutation: You are resistant to electric shocks.
                  | (rElec) [potion of mutation]
 12710 | D:11     | Noticed a five-headed hydra
 12738 | D:11     | Killed a five-headed hydra
 12739 | D:11     | Reached skill level 13 in Conjurations
 13623 | D:11     | Noticed a two-headed ogre
 13630 | D:11     | Killed a two-headed ogre
 13706 | D:11     | Noticed an oklob plant
 13706 | D:11     | Noticed an oklob plant
 13706 | D:11     | Noticed an oklob plant
 13708 | D:11     | Found a staircase to the Lair.
 14348 | D:12     | Noticed a purple ugly thing
 14360 | D:12     | Killed a purple ugly thing
 14360 | D:12     | Offered knowledge of Stone Arrow by Vehumet.
 14451 | D:12     | Found a staircase to the Orcish Mines.
 14452 | D:12     | Found Woliceagy's Weapon Emporium.
 14508 | D:12     | Found a gate leading to a gauntlet.
 14515 | D:12     | Reached skill level 14 in Conjurations
 14527 | Gauntlet | Entered a Gauntlet
 14527 | Gauntlet | Found a transporter.
 14527 | Gauntlet | Found a transporter.
 14535 | Gauntlet | Found a transporter.
 14539 | Gauntlet | Found a transporter.
 14547 | Gauntlet | Found a transporter.
 14551 | Gauntlet | Found a transporter.
 14554 | Gauntlet | Noticed a blizzard demon
 14559 | Gauntlet | Found a transporter.
 14574 | Gauntlet | Noticed a catoblepas
 14575 | Gauntlet | Found a transporter.
 14589 | Gauntlet | Found a transporter.
 14593 | Gauntlet | Found a transporter.
 14598 | Gauntlet | Noticed a catoblepas
 14601 | Gauntlet | Found a transporter.
 14605 | Gauntlet | Found a transporter.
 14748 | Gauntlet | Reached XP level 12. HP: 74/74 MP: 17/28
 15097 | Gauntlet | Slain by a molten gargoyle

Illustrated notes

Levels and vault maps discovered:
D:1:      minmay_arrival_four_circles, layout_rooms, chequers_big_river
D:2:      layout_loops_corners, hellmonk_ecumenical_altar_zigzags
D:3:      layout_basic, mainiacjoe_overflow_catwalk_spiral
D:4:      layout_basic, minmay_temple_entry_hall, uniq_edmund,
          uniq_blork_the_orc, uniq_duvessa
D:5:      layout_basic
D:6:      layout_basic, overflow_temple_1_default, serial_shops,
          nicolae_take_the_stairs, uniq_prince_ribbit1
D:7:      layout_cave_pools, minmay_misc_feat_secret_circle,
          ebering_dispersal_statue_hall
D:8:      lemuel_ice_statue, layout_basic, mainiacjoe_overflow_small_starburst,
          uniq_gastronok, uniq_erica
D:9:      layout_rooms, mainiacjoe_overflow_alcove_4,
          nicolae_hepliaklqana_hippocampus, kennysheep_orc_sif_temple
D:10:     layout_basic, st_stairs_8, nicolae_elevator_lobby_plus
D:11:     layout_rooms, dpeg_oklobed_lair
D:12:     layout_rooms, orc_david_3, gauntlet_entry_generic
Temple:   eino_wide_crystal_templ
Gauntlet: minmay_gauntlet_77_indecision [minmay_gauntlet_arena_77_mirror,
          minmay_gauntlet_arena_77_checkered,
          minmay_gauntlet_arena_77_two_lines,
          minmay_gauntlet_arena_77_double_cross,
          minmay_gauntlet_arena_77_squiggly,
          minmay_gauntlet_arena_77_broken_ladder,
          dreamdust_gauntlet_exit_labyrinth]

Skill      XL: |  1  2  3  4  5  6  7  8  9 10 11 |
---------------+----------------------------------+-----
Spellcasting   | 3 4 5 6 7 9 10 12 | 12.9
Conjurations   | 5 6 7 9 10 12 14 | 14.3
Armour         | 1 4 |  4.0
Dodging        | |  1.7
Stealth        | |  1.7

Action                   |  1- 3 |  4- 6 |  7- 9 | 10-12 || total
-------------------------+-------+-------+-------+-------++-------
Melee: Unarmed           |    19 |       |       |       ||    19
       Kick              |     1 |       |     3 |    19 ||    23
       Flail             |       |       |    22 |    51 ||    73
 Cast: Magic Dart        |    70 |    82 |   253 |   134 ||   539
       Searing Ray       |       |     7 |    34 |    53 ||    94
       Iskenderun's Myst |       |       |     4 |    85 ||    89
       Orb of Destructio |       |       |       |     7 ||     7
Evoke: Wand              |       |     2 |     1 |     2 ||     5
  Use: Scroll            |       |       |       |    10 ||    10
       Potion            |       |       |       |     6 ||     6
Armor: Robe              |     4 |     7 |    26 |       ||    37
       Leather armour    |       |       |     7 |    80 ||    87
       Troll leather arm |       |       |       |     7 ||     7
Dodge: Dodged            |    14 |    25 |    75 |   127 ||   241
Block: Other             |       |     1 |    28 |    41 ||    70
